TOP OF THE 1ST |
Irvine Gang Green batting - Pitching for Plymouth Rocks : LHP Dave Smeddon
|
Pitching: LHP Dave Smeddon
|
|
Batting: RHB Tyler Wagner
|
0-0: Ball 1-0: Ground out 6-3 (Groundball, 6)
|
Batting: LHB Jorge Martínez
|
0-0: Called Strike 0-1: Foul Ball, location: 2F 0-2: Ball 1-2: Ball 2-2: Foul Ball, location: 2F 2-2: Ball 3-2: Ground out 4-3 (Groundball, 4)
|
Batting: RHB Eichiro Yamamoto
|
0-0: Called Strike 0-1: Foul Ball, location: 2F 0-2: Ball 1-2: SINGLE (Line Drive, 4MD)
|
Batting: LHB Víctor Quiñones
|
0-0: Ball 1-0: Ball 2-0: Foul Ball, location: 2F 2-1: Foul Ball, location: 2F 2-2: Ball 3-2: Strikes out swinging
|
Top of the 1st over - 0 run(s), 1 hit(s), 0 error(s), 1 left on base; Irvine 0 - Plymouth 0 |
BOTTOM OF THE 1ST |
Plymouth Rocks batting - Pitching for Irvine Gang Green : RHP Jung Chwa
|
Pitching: RHP Jung Chwa
|
|
Batting: LHB Roy Patrick
|
0-0: Ball 1-0: Called Strike 1-1: Foul Ball, location: 2F 1-2: DOUBLE (Flyball, 8LD)
|
Batting: RHB Andrés Lara
|
0-0: Called Strike 0-1: Ball 1-1: Foul Ball, location: 2F 1-2: Ground out 5-3 (Groundball, 5S) Roy Patrick to third
|
Batting: LHB Barrett Waters
|
0-0: Ground out 4-3 (Groundball, 4D) Roy Patrick scores
|
Batting: LHB Roger Moore
|
0-0: Ball 1-0: Ball 2-0: Swinging Strike 2-1: Ball 3-1: SINGLE (Groundball, 34D)
|
Batting: RHB Jorge Jiménez
|
0-0: Ball 1-0: Ball 2-0: Fly out, F4 (Popup, 3D)
|
Bottom of the 1st over - 1 run(s), 2 hit(s), 0 error(s), 1 left on base; Irvine 0 - Plymouth 1 |
TOP OF THE 2ND |
Irvine Gang Green batting - Pitching for Plymouth Rocks : LHP Dave Smeddon
|
Batting: RHB José Salazar
|
0-0: Called Strike 0-1: Foul Ball, location: 2F 0-2: Ground out 6-3 (Groundball, 6MS)
|
Batting: LHB Jesús Campos
|
0-0: Ball 1-0: Ball 2-0: Called Strike 2-1: Swinging Strike 2-2: SINGLE (Line Drive, 9LS)
|
Batting: RHB Tom Doherty
|
0-0: Ball 1-0: Called Strike 1-1: Ball 2-1: Swinging Strike 2-2: Hit by Pitch Jesús Campos to second
|
Batting: LHB Leonardo Medina
|
0-0: Ball 1-0: SINGLE (Line Drive, 8RS) Jesús Campos to third Tom Doherty to second Runner from 3rd tries for Home, SAFE, throw made at trailing runner, OUT at third!
|
Batting: RHB Ronnie Brown
|
0-0: Fielders Choice at 2nd, 5-4 (Groundball, 5L)
|
Top of the 2nd over - 1 run(s), 2 hit(s), 0 error(s), 0 left on base; Irvine 1 - Plymouth 1 |
BOTTOM OF THE 2ND |
Plymouth Rocks batting - Pitching for Irvine Gang Green : RHP Jung Chwa
|
Batting: SHB Víctor Serrano
|
0-0: Foul Ball, location: 2F 0-1: Fly out, F7 (Flyball, 7LMF)
|
Batting: RHB Taylor McFarland
|
0-0: Ball 1-0: Swinging Strike 1-1: Ball 2-1: Called Strike 2-2: Foul Ball, location: 2F 2-2: Ball 3-2: Strikes out swinging
|
Batting: RHB António Gonzáles
|
0-0: Swinging Strike 0-1: Ground out 5-3 (Groundball, 56)
|
Bottom of the 2nd over - 0 run(s), 0 hit(s), 0 error(s), 0 left on base; Irvine 1 - Plymouth 1 |
TOP OF THE 3RD |
Irvine Gang Green batting - Pitching for Plymouth Rocks : LHP Dave Smeddon
|
Batting: RHB Tyler Wagner
|
0-0: Ball 1-0: Ball 2-0: Foul Ball, location: 2F 2-1: Foul Ball, location: 2F 2-2: Ball 3-2: Ground out 6-3 (Groundball, 6)
|
Batting: LHB Jorge Martínez
|
0-0: Ball 1-0: Ball 2-0: Called Strike 2-1: Ball 3-1: Foul Ball, location: 2F 3-2: SINGLE (Groundball, 4MD)
|
Batting: RHB Eichiro Yamamoto
|
0-0: Ball 1-0: Ball 2-0: Called Strike 2-1: Ball 3-1: Base on Balls Jorge Martínez to second
|
Batting: LHB Víctor Quiñones
|
0-0: Ball 1-0: Hit by Pitch Jorge Martínez to third Eichiro Yamamoto to second
|
Pinch Runner at 1st Bill Murphy:
|
|
Batting: RHB José Salazar
|
0-0: Foul Ball, location: 2F 0-1: Ball 1-1: Foul Ball, location: 2F 1-2: Strikes out swinging
|
Batting: LHB Jesús Campos
|
0-0: Ball 1-0: Ball 2-0: Swinging Strike 2-1: Ball 3-1: Foul Ball, location: 2F 3-2: SINGLE (Line Drive, 34) Jorge Martínez scores Eichiro Yamamoto to third Bill Murphy to second Eichiro Yamamoto scores Bill Murphy to third
|
Batting: RHB Tom Doherty
|
0-0: Ball 1-0: Foul Ball, location: 2F 1-1: Ground out 5-3 (Groundball, 56S)
|
Top of the 3rd over - 2 run(s), 2 hit(s), 0 error(s), 2 left on base; Irvine 3 - Plymouth 1 |
BOTTOM OF THE 3RD |
Plymouth Rocks batting - Pitching for Irvine Gang Green : RHP Jung Chwa
|
Now at 1B: Bill Murphy
|
|
Batting: RHB Luis Sánchez
|
0-0: Ball 1-0: Fly out, F9 (Flyball, 9LM)
|
Batting: LHB Roy Patrick
|
0-0: Swinging Strike 0-1: Foul Ball, location: 2F 0-2: Foul Ball, location: 2F 0-2: Ball 1-2: Ball 2-2: Fly out, F8 (Flyball, 8LD)
|
Batting: RHB Andrés Lara
|
0-0: Fly out, F8 (Flyball, 8RD)
|
Bottom of the 3rd over - 0 run(s), 0 hit(s), 0 error(s), 0 left on base; Irvine 3 - Plymouth 1 |
TOP OF THE 4TH |
Irvine Gang Green batting - Pitching for Plymouth Rocks : LHP Dave Smeddon
|
Batting: LHB Leonardo Medina
|
0-0: Ball 1-0: Ball 2-0: Foul Ball, location: 2F 2-1: Ground out 1-3 (Groundball, 13)
|
Batting: RHB Ronnie Brown
|
0-0: Called Strike 0-1: Foul Ball, location: 2F 0-2: Ball 1-2: Ball 2-2: Ball 3-2: DOUBLE (Line Drive, 89M)
|
Batting: RHB Tyler Wagner
|
0-0: Called Strike 0-1: Ball 1-1: Ball 2-1: Called Strike 2-2: Ground out 6-3 (Groundball, 6MD) Ronnie Brown to third
|
Batting: LHB Jorge Martínez
|
0-0: Ball 1-0: Swinging Strike 1-1: Foul Ball, location: 2F 1-2: Ball 2-2: Strikes out looking
|
Top of the 4th over - 0 run(s), 1 hit(s), 0 error(s), 1 left on base; Irvine 3 - Plymouth 1 |
BOTTOM OF THE 4TH |
Plymouth Rocks batting - Pitching for Irvine Gang Green : RHP Jung Chwa
|
Batting: LHB Barrett Waters
|
0-0: Ball 1-0: Ball 2-0: Fly out, F3 (Popup, 3L)
|
Batting: LHB Roger Moore
|
0-0: Called Strike 0-1: Ground out 4-3 (Groundball, 4)
|
Batting: RHB Jorge Jiménez
|
0-0: SOLO HOME RUN (Flyball, 7D), Distance : 409 ft
|
Batting: SHB Víctor Serrano
|
0-0: Ball 1-0: Foul Ball, location: 2F 1-1: Foul Ball, location: 2F 1-2: SINGLE (Groundball, 6D)
|
Batting: RHB Taylor McFarland
|
0-0: SINGLE (Groundball, 34S) (infield hit) Víctor Serrano to second
|
Batting: RHB António Gonzáles
|
0-0: Called Strike 0-1: Ball 1-1: Ball 2-1: Ground out 1-3 (Groundball, 15)
|
Bottom of the 4th over - 1 run(s), 3 hit(s), 0 error(s), 2 left on base; Irvine 3 - Plymouth 2 |
TOP OF THE 5TH |
Irvine Gang Green batting - Pitching for Plymouth Rocks : LHP Dave Smeddon
|
Batting: RHB Eichiro Yamamoto
|
0-0: Called Strike 0-1: Called Strike 0-2: Strikes out swinging
|
Batting: LHB Bill Murphy
|
0-0: Called Strike 0-1: Foul Ball, location: 2F 0-2: Foul Ball, location: 2F 0-2: Ball 1-2: Fly out, F4 (Popup, 4)
|
Batting: RHB José Salazar
|
0-0: Ball 1-0: Called Strike 1-1: Foul Ball, location: 2F 1-2: Fly out, F8 (Flyball, 8LD)
|
Top of the 5th over - 0 run(s), 0 hit(s), 0 error(s), 0 left on base; Irvine 3 - Plymouth 2 |
BOTTOM OF THE 5TH |
Plymouth Rocks batting - Pitching for Irvine Gang Green : RHP Jung Chwa
|
Batting: RHB Luis Sánchez
|
0-0: Called Strike 0-1: Ball 1-1: Ball 2-1: Foul Ball, location: 2F 2-2: Strikes out looking
|
Batting: LHB Roy Patrick
|
0-0: Ball 1-0: Ball 2-0: Swinging Strike 2-1: Foul Ball, location: 2F 2-2: Foul Ball, location: 2F 2-2: Ball 3-2: Foul Ball, location: 2F 3-2: Fly out, F8 (Flyball, 8LM)
|
Batting: RHB Andrés Lara
|
0-0: Ball 1-0: TRIPLE (Line Drive, 8LXD)
|
Batting: LHB Barrett Waters
|
0-0: Ball 1-0: Foul Ball, location: 2F 1-1: Fly out, F9 (Flyball, 89D)
|
Bottom of the 5th over - 0 run(s), 1 hit(s), 0 error(s), 1 left on base; Irvine 3 - Plymouth 2 |
TOP OF THE 6TH |
Irvine Gang Green batting - Pitching for Plymouth Rocks : LHP Dave Smeddon
|
Batting: LHB Jesús Campos
|
0-0: Ball 1-0: Foul Ball, location: 2F 1-1: Swinging Strike 1-2: Foul Ball, location: 2F 1-2: Foul Ball, location: 2F 1-2: Strikes out looking
|
Batting: RHB Tom Doherty
|
0-0: Ball 1-0: Called Strike 1-1: Ball 2-1: Fly out, F6 (Popup, 6D)
|
Batting: LHB Leonardo Medina
|
0-0: Foul Ball, location: 2F 0-1: Ball 1-1: Foul Ball, location: 2F 1-2: Strikes out swinging
|
Top of the 6th over - 0 run(s), 0 hit(s), 0 error(s), 0 left on base; Irvine 3 - Plymouth 2 |
BOTTOM OF THE 6TH |
Plymouth Rocks batting - Pitching for Irvine Gang Green : RHP Jung Chwa
|
Batting: LHB Roger Moore
|
0-0: Foul Ball, location: 2F 0-1: Ground out 4-3 (Groundball, 4D)
|
Batting: RHB Jorge Jiménez
|
0-0: Called Strike 0-1: DOUBLE (Flyball, 89D)
|
Batting: SHB Víctor Serrano
|
0-0: Ball 1-0: Ball 2-0: Ball 3-0: Called Strike 3-1: Ground out U3 (Groundball, 34S) Jorge Jiménez to third
|
Batting: RHB Taylor McFarland
|
0-0: Called Strike 0-1: Reached on error, E3 (Groundball, 3) Jorge Jiménez scores
|
Batting: RHB António Gonzáles
|
0-0: Called Strike 0-1: Swinging Strike 0-2: Ball 1-2: Ball 2-2: SINGLE (Groundball, 4MD) Taylor McFarland to second Runner from 2nd tries for 3rd, SAFE, throw made to third
|
Batting: RHB Luis Sánchez
|
0-0: Foul Ball, location: 2F 0-1: Ball 1-1: Ball 2-1: Ball 3-1: Called Strike 3-2: Ground out 1-3 (Groundball, 13S)
|
Bottom of the 6th over - 1 run(s), 2 hit(s), 1 error(s), 2 left on base; Irvine 3 - Plymouth 3 |
TOP OF THE 7TH |
Irvine Gang Green batting - Pitching for Plymouth Rocks : LHP Dave Smeddon
|
Batting: RHB Ronnie Brown
|
0-0: Ball 1-0: Ball 2-0: SINGLE (Line Drive, 34D)
|
Pitching: LHP Manuel Parra
|
|
Batting: RHB Tyler Wagner
|
0-0: Sac Bunt - play at first, batter OUT! 1-4 Ronnie Brown to second
|
Batting: LHB Jorge Martínez
|
0-0: Called Strike 0-1: Foul Ball, location: 2F 0-2: Foul Ball, location: 2F 0-2: Ball 1-2: Ball 2-2: Ball 3-2: Ground out 4-3 (Groundball, 4) Ronnie Brown to third
|
Batting: RHB Eichiro Yamamoto
|
0-0: Foul Ball, location: 2F 0-1: Ball 1-1: Ground out 5-3 (Groundball, 56S)
|
Top of the 7th over - 0 run(s), 1 hit(s), 0 error(s), 1 left on base; Irvine 3 - Plymouth 3 |
BOTTOM OF THE 7TH |
Plymouth Rocks batting - Pitching for Irvine Gang Green : RHP Jung Chwa
|
Batting: LHB Roy Patrick
|
0-0: Ball 1-0: Ground out 4-3 (Groundball, 34)
|
Batting: RHB Andrés Lara
|
0-0: Ball 1-0: Fly out, F8 (Line Drive, 78D)
|
Batting: LHB Barrett Waters
|
0-0: Ball 1-0: Ball 2-0: Ball 3-0: Fly out, F5 (Popup, 5L)
|
Bottom of the 7th over - 0 run(s), 0 hit(s), 0 error(s), 0 left on base; Irvine 3 - Plymouth 3 |
TOP OF THE 8TH |
Irvine Gang Green batting - Pitching for Plymouth Rocks : LHP Manuel Parra
|
Batting: LHB Bill Murphy
|
0-0: Ball 1-0: Swinging Strike 1-1: Ball 2-1: Ball 3-1: Fly out, F4 (Popup, 4)
|
Batting: RHB José Salazar
|
0-0: Foul Ball, location: 2F 0-1: Ball 1-1: Ground out 4-3 (Groundball, 4D)
|
Batting: LHB Jesús Campos
|
0-0: Foul Ball, location: 2F 0-1: Called Strike 0-2: Ball 1-2: Foul Ball, location: 2F 1-2: Ball 2-2: Strikes out swinging
|
Top of the 8th over - 0 run(s), 0 hit(s), 0 error(s), 0 left on base; Irvine 3 - Plymouth 3 |
BOTTOM OF THE 8TH |
Plymouth Rocks batting - Pitching for Irvine Gang Green : RHP Jung Chwa
|
Batting: LHB Roger Moore
|
0-0: Foul Ball, location: 2F 0-1: Fly out, F7 (Flyball, 7LSF)
|
Batting: RHB Jorge Jiménez
|
0-0: Called Strike 0-1: Foul Ball, location: 2F 0-2: Foul Ball, location: 2F 0-2: Strikes out swinging
|
Batting: SHB Víctor Serrano
|
0-0: Called Strike 0-1: Called Strike 0-2: Foul Ball, location: 2F 0-2: Ball 1-2: Strikes out swinging
|
Bottom of the 8th over - 0 run(s), 0 hit(s), 0 error(s), 0 left on base; Irvine 3 - Plymouth 3 |
TOP OF THE 9TH |
Irvine Gang Green batting - Pitching for Plymouth Rocks : LHP Manuel Parra
|
Pitching: RHP Bartolo García
|
|
Pinch Hitting: LHB Tom Baker
|
0-0: Foul Ball, location: 2F 0-1: Ball 1-1: Ball 2-1: Ball 3-1: Called Strike 3-2: SINGLE (Flyball, 78S)
|
Batting: LHB Leonardo Medina
|
0-0: Ball 1-0: Ball 2-0: Foul Ball, location: 2F 2-1: SINGLE (Groundball, 34) Tom Baker to second Runner from 2nd tries for 3rd, OUT!
|
Batting: RHB Ronnie Brown
|
0-0: Called Strike 0-1: Ground out 5-3 (Groundball, 56S) Leonardo Medina to second
|
Batting: RHB Tyler Wagner
|
0-0: Ball 1-0: Ground out 5-3 (Groundball, 5S)
|
Top of the 9th over - 0 run(s), 2 hit(s), 0 error(s), 1 left on base; Irvine 3 - Plymouth 3 |
BOTTOM OF THE 9TH |
Plymouth Rocks batting - Pitching for Irvine Gang Green : RHP Jung Chwa
|
Pitching: RHP Mike Fisher
|
|
Now at C: Raúl Salas
|
|
Batting: RHB Taylor McFarland
|
0-0: Ball 1-0: Foul Ball, location: 2F 1-1: Swinging Strike 1-2: Ground out 5-3 (Groundball, 56)
|
Pinch Hitting: SHB Derek Roach
|
0-0: Ground out 4-3 (Groundball, 4)
|
Batting: RHB Luis Sánchez
|
0-0: SINGLE (Groundball, 6MD)
|
Batting: LHB Roy Patrick
|
0-0: Ground out U3 (Groundball, 3)
|
Bottom of the 9th over - 0 run(s), 1 hit(s), 0 error(s), 1 left on base; Irvine 3 - Plymouth 3 |
TOP OF THE 10TH |
Irvine Gang Green batting - Pitching for Plymouth Rocks : RHP Bartolo García
|
Now at 3B: Chad Huggins
|
|
Batting: LHB Jorge Martínez
|
0-0: DOUBLE (Groundball, 3L)
|
Batting: RHB Eichiro Yamamoto
|
0-0: Ball 1-0: Ball 2-0: Called Strike 2-1: SINGLE (Groundball, 34D) Jorge Martínez to third Runner from 3rd tries for Home, SAFE, throw made home Eichiro Yamamoto to second
|
Batting: LHB Bill Murphy
|
0-0: Swinging Strike 0-1: Ground out 4-3 (Groundball, 4) Eichiro Yamamoto to third
|
Batting: RHB José Salazar
|
0-0: Ball 1-0: Foul Ball, location: 2F 1-1: SINGLE (Line Drive, 78M) Eichiro Yamamoto scores
|
Pitching: RHP Scot MacIntosh
|
|
Batting: LHB Jesús Campos
|
0-0: Called Strike 0-1: Foul Ball, location: 2F 0-2: Strikes out swinging
|
Batting: RHB Raúl Salas
|
0-0: Called Strike 0-1: Ball 1-1: Swinging Strike 1-2: Strikes out swinging
|
Top of the 10th over - 2 run(s), 3 hit(s), 0 error(s), 1 left on base; Irvine 5 - Plymouth 3 |
BOTTOM OF THE 10TH |
Plymouth Rocks batting - Pitching for Irvine Gang Green : RHP Mike Fisher
|
Now in CF: Tony Tavárez
|
|
Batting: RHB Andrés Lara
|
0-0: Ball 1-0: Ball 2-0: Ball 3-0: Fly out, F4 (Line Drive, 4M)
|
Batting: LHB Barrett Waters
|
0-0: Called Strike 0-1: Ball 1-1: Ball 2-1: SINGLE (Groundball, 34D)
|
Batting: LHB Roger Moore
|
0-0: DOUBLE (Line Drive, 89M) Barrett Waters to third Runner from 3rd tries for Home, SAFE, no throw
|
Pitching: RHP Kuang-yin Yue
|
|
Batting: RHB Jorge Jiménez
|
0-0: Ball 1-0: Foul Ball, location: 2F 1-1: Foul Ball, location: 2F 1-2: Ground out 4-3 (Groundball, 4) Roger Moore to third
|
Batting: SHB Víctor Serrano
|
0-0: Ball 1-0: Called Strike 1-1: Fly out, F9 (Line Drive, 89D)
|
Bottom of the 10th over - 1 run(s), 2 hit(s), 0 error(s), 1 left on base; Irvine 5 - Plymouth 4 |
|